 Dungeon Crawl Stone Soup version 0.30-a0-1074-g5db6f66fbb (webtiles) character file.

Game seed: 5817609870000584639

93 bande the Trooper (level 4, 0/29 HPs)
             Began as a Gargoyle Fighter on Apr 13, 2023.
             Slain by a black bear (3 damage)
             ... on level 3 of the Dungeon.
             The game lasted 00:04:03 (1699 turns).

bande the Trooper (Gargoyle Fighter)                Turns: 1699, Time: 00:04:05

Health: 0/29       AC: 10    Str: 20    XL:     4   Next: 61%
Magic:  4/4        EV:  9    Int:  8    God:
Gold:   110        SH:  9    Dex: 11    Spells: 3/3 levels left

rFire   . . .      SeeInvis .    a - +1 war axe
rCold   . . .      Faith    .    c - +0 buckler
rNeg    + . .      Spirit   .    b - +0 scale mail
rPois   ∞          Reflect  +    g - +0 hat
rElec   +          Rampage  .    (no cloak)
rCorr   .                        (no gloves)
Will    .....                    (no boots) Stlth
                                 e - amulet of reflection
HPRegen 0.24/turn                (no ring)
MPRegen 0.09/turn                (no ring)

@: no status effects
A: sickness immunity, AC +3, negative energy resistance 1, electricity
resistance, torment resistance 1, petrification resistance
a: no special abilities


You were on level 3 of the Dungeon.
You visited 1 branch of the dungeon, and saw 3 of its levels.

You collected 110 gold pieces.

Inventory:

Hand Weapons
 a - a +1 war axe (weapon)
 m - a +2 flail of protection
Armour
 b - a +0 scale mail (worn)
 c - a +0 buckler (worn)
 g - a +0 hat (worn)
Jewellery
 e - an amulet of reflection (around neck)
Potions
 d - a potion of might
 f - 2 potions of berserk rage
 h - 2 potions of ambrosia
 i - 2 potions of curing
 j - a potion of flight
 k - a potion of brilliance {unknown}
 l - a potion of magic {unknown}
 n - a potion of lignification {unknown}


   Skills:
 + Level 4.0 Fighting
 + Level 2.9 Axes
 + Level 3.9 Armour
 + Level 3.7 Shields


You had 3 spell levels left.
You didn't know any spells.
Your spell library contained the following spells:

 Spells                   Type           Power      Damage    Failure   Level
 Call Canine Familiar     Summ           0%         N/A       99%         3
 Portal Projectile        Hex/Tloc       0%         N/A       99%         3
 Leda's Liquefaction      Hex/Erth       0%         N/A       100%        4


Dungeon Overview and Level Annotations

Branches:
Dungeon (3/15)

Altars:
Ashenzari
Cheibriados
Sif Muna
Uskayaw


Innate Abilities, Weirdness & Mutations

You are immune to sickness and miasma.
Your stone body is resilient. (AC +3)
You are immune to poison.
You resist negative energy. (rN+)
You are resistant to electric shocks. (rElec)
You are resistant to unholy torment.
You are immune to petrification.


Message History

The black bear claws you but does no damage.
You block the black bear's attack.
You closely miss the black bear. You barely miss the hobgoblin.
The hobgoblin hits you but does no damage.
The black bear bites you but does no damage.
You block the black bear's attack. The black bear closely misses you.
You slash the black bear!
The black bear is heavily wounded.
You slash the hobgoblin!
You kill the hobgoblin!
You block the black bear's attack. x2
The black bear claws you but does no damage.
The black bear bites you but does no damage.
The black bear barely misses you. You block the black bear's attack.
You barely miss the black bear.
The black bear is heavily wounded.
You block the black bear's attack.
The black bear claws you but does no damage. x2
You closely miss the black bear.
The black bear is heavily wounded.
You block the black bear's attack.
The black bear claws you but does no damage. x2
You slash the black bear!
The black bear is severely wounded.
The black bear goes berserk!
You block the black bear's attack. The black bear closely misses you.
The black bear claws you but does no damage.
You barely miss the black bear.
The black bear is severely wounded.
The black bear bites you! You block the black bear's attack. x2
The black bear bites you! The black bear claws you.
* * * LOW HITPOINT WARNING * * *
The black bear barely misses you.
You barely miss the black bear.
The black bear is severely wounded.
The black bear barely misses you. You block the black bear's attack.
The black bear claws you.
* * * LOW HITPOINT WARNING * * *
The black bear bites you.
You die...

#.# #.. ##############
#.# #............# #.###
#.# #.......# #... #
#.####...†...###.##.##.#
#†##...................#
..##.#.......###.#..##.#
#.>..........# #@# .#
.............##.h...#
##.#.#.#####.##..#.##
.....#.#####.##..#.#
##.#.......#...... .
...#.......####.## ##
##.......... #?
##.#.#...... ..
............


You could see a black bear (berserk).

Vanquished Creatures
  3 adders
  A worm (D:2)
  A dart slug (D:2)
  3 ball pythons
  6 bats
  7 endoplasms
  2 giant cockroaches
  8 goblins
  5 hobgoblins
  2 jackals (D:2)
  2 quokkas
  6 frilled lizards
  7 kobolds
  3 rats
56 creatures vanquished.

Notes
Turn   | Place    | Note
-------+----------+-------------------------------------------
     0 | D:1      | bande the Gargoyle Fighter began the quest for the Orb.
     0 | D:1      | Reached XP level 1. HP: 14/14 MP: 1/1
   107 | D:1      | Reached XP level 2. HP: 19/19 MP: 2/2
   485 | D:2      | Reached XP level 3. HP: 24/24 MP: 3/3
   578 | D:2      | Found a broken altar of Ashenzari.
   658 | D:2      | Identified the +8 quarterstaff of the Crawling Thing
                  | {freeze, Stlth+}
   753 | D:2      | Found a faded altar of an unknown god.
   926 | D:2      | Reached XP level 4. HP: 28/29 MP: 4/4
  1238 | D:3      | Found a hide-covered altar of Uskayaw.
  1376 | D:3      | Found a shimmering blue altar of Sif Muna.
  1497 | D:3      | Reached skill level 4 in Fighting
  1636 | D:3      | Found a snail-covered altar of Cheibriados.
  1688 | D:3      | Noticed a black bear
  1699 | D:3      | Slain by a black bear

Illustrated notes

Levels and vault maps discovered:
D:1:      minmay_arrival_open_corners, layout_rooms
D:2:      layout_basic, basic_altar, chequers_ecumenical_altar_island
D:3:      layout_loops_cross, marbit_many_paths, eat_drink_and_be_merry_uskayaw,
          cheibriados_altar_1, ebering_ghost_disaster_area, grunt_ministairs_9,
          minmay_surrounded

Skill      XL: |  1  2  3  4 |
---------------+-------------+-----
Axes           | 2 |  2.9
Fighting       | 4 |  4.0
Armour         | |  3.9
Shields        | |  3.7

Action                     |  1- 3 |  4- 6 || total
---------------------------+-------+-------++-------
  Melee: War axe           |    87 |    72 ||   159
    Use: Scroll            |     3 |     3 ||     6
 Armour: Scale mail        |    41 |    34 ||    75
  Dodge: Dodged            |    25 |    39 ||    64
  Block: Buckler           |    32 |    48 ||    80
         Reflection        |       |     1 ||     1

Table legend: (Time is in decaauts)
 A = Elapsed time spent in this place.
 B = Non-inter-level travel time spent in this place.
 C = Inter-level travel time spent in this place.
 D = Time resting spent in this place.
 E = Time spent auto-exploring this place.
 F = Levels seen in this place.
 G = Mean time per level.
                   A        B        C        D        E       F      G
               +--------+--------+--------+--------+--------+-----+--------+
         Total |   1770 |   1703 |     67 |      0 |   1249 |   3 |  590.0 |
       Dungeon |   1770 |   1703 |     67 |      0 |   1249 |   3 |  590.0 |
               +--------+--------+--------+--------+--------+-----+--------+

Top non-repeatable levels by time:
     D:2: 822 daAuts
     D:3: 489 daAuts
     D:1: 457 daAuts
